 Dungeon Crawl Stone Soup version 0.28.0 (webtiles) character file.

Game seed: 333293581488325381

102 Descartes the Ruffian (level 4, 0/42 HPs)
             Began as a Troll Warper on Feb 11, 2022.
             Succumbed to a scorpion's poison
             ... on level 4 of the Dungeon.
             The game lasted 00:03:12 (2295 turns).

Descartes the Ruffian (Troll Warper)                Turns: 2295, Time: 00:03:12

Health: 0/42       AC:  4    Str: 21    XL:     4   Next: 50%
Magic:  1/5        EV: 10    Int:  9    God:
Gold:   185        SH:  0    Dex:  9    Spells: 6/6 levels left

rFire   . . .      SeeInvis .     - Unarmed
rCold   . . .      Faith    .   (no shield)
rNeg    + + .      Spirit   +   a - +0 robe
rPois   .          Reflect  .   (helmet restricted)
rElec   +          Harm     .   (no cloak)
rCorr   .          Rampage  +   (gloves unavailable)
Will    .....      NoCast   +   (boots unavailable)
Stlth   +.........              j - amulet of the Empty Page {Spirit -Cast Rampage rElec rN++}
HPRegen 0.94/turn               (no ring)
MPRegen 0.09/turn               (no ring)

@: lethally poisoned (0 -> -5)
A: large, unfitting armour, claws 3, regeneration 1, shaggy fur 1, tough skin 1
a: no special abilities


You were on level 4 of the Dungeon.
You visited 1 branch of the dungeon, and saw 4 of its levels.

You collected 185 gold pieces.

Inventory:

Hand Weapons
 d - a +0 flail
Missiles
 c - 5 boomerangs of dispersal (quivered)
 h - 70 stones
Armour
 a - a +0 robe (worn)
 g - a +0 kite shield
Jewellery
 j - the amulet of the Empty Page (around neck) {Spirit -Cast Rampage rElec rN++}
   (You found it on level 2 of the Dungeon)

   [amulet of guardian spirit]

   It causes incoming damage to be divided between your reserves of health and
   magic.
   rElec:     It insulates you from electricity.
   rN:        It greatly protects you from negative energy.
   -Cast:     It prevents spellcasting.
   Rampage:   It bestows one free step when moving towards enemies.
 m - a ring of protection from cold
Scrolls
 b - a scroll of blinking
 e - 2 scrolls of fog {unknown}
 i - a scroll of magic mapping {unknown}
 k - a scroll of enchant weapon {unknown}
 l - 2 scrolls of identify {unknown}
 n - 2 scrolls of immolation {unknown}
 q - 2 scrolls of teleportation {unknown}
 r - a scroll of noise {unknown}
 s - a scroll of silence {unknown}
 t - a scroll of enchant armour {unknown}
Potions
 f - 3 potions of curing
 o - a potion of mutation {unknown}
 p - a potion of haste {unknown}


   Skills:
 + Level 2.0 Fighting
 + Level 1.4 Throwing
 + Level 2.3 Dodging
 + Level 0.9 Shields
 + Level 2.7 Unarmed Combat
 + Level 1.6 Spellcasting
 + Level 2.5 Translocations


You had 6 spell levels left.
You didn't know any spells.
Your spell library contained the following spells:

 Spells                   Type           Power      Damage    Failure   Level
 Blink                    Tloc           10%        N/A       19%         2
 Gell's Gravitas          Tloc           5%         N/A       36%         3
 Lesser Beckoning         Tloc           5%         N/A       36%         3
 Teleport Other           Tloc           5%         N/A       36%         3
 Manifold Assault         Tloc           5%         N/A       98%         5
 Freezing Cloud           Conj/Ice/Air   0%         6-21      100%        5
 Simulacrum               Ice/Necr       0%         N/A       100%        6
 Polar Vortex             Ice            0%         N/A       100%        9


Dungeon Overview and Level Annotations

Branches:
Dungeon (4/15)
 Temple: D:4-7

Altars:


Innate Abilities, Weirdness & Mutations

You are too large for most types of armour.
You have claws for hands.
Your natural rate of healing is unusually fast.
You are covered in fur. (AC +1)
You have tough skin. (AC +1)


Message History

You scratch the scorpion but do no damage.
The scorpion is moderately wounded.
You feel sick.
The scorpion stings you but does no damage.
You scratch the scorpion but do no damage.
The scorpion is moderately wounded.
You feel sick. The scorpion stings you!
You barely miss the scorpion.
The scorpion is moderately wounded.
You feel sick. The scorpion stings you!
You are more poisoned.
The scorpion poisons you!
You barely miss the scorpion.
The scorpion is moderately wounded.
You feel very sick. The scorpion stings you!
You are lethally poisoned!
The scorpion poisons you!
You are too injured to fight recklessly!
You are too injured to fight recklessly!
You are too injured to fight recklessly!
You are too injured to fight recklessly!
You are too injured to fight recklessly!
You are too injured to fight recklessly!
You are too injured to fight recklessly!
You are too injured to fight recklessly!
You are too injured to fight recklessly!
You are too injured to fight recklessly!
You are too injured to fight recklessly!
You scratch the scorpion but do no damage.
The scorpion is moderately wounded.
* * * LOW HITPOINT WARNING * * *
You feel very sick. The scorpion misses you.
* * * LOW HITPOINT WARNING * * *
You feel very sick.
* * * LOW HITPOINT WARNING * * *
You feel very sick. The scorpion barely misses you.
You die...

.##.## #.............#...
....#.##......#....... ...#
..............#....†.# #..
#.(..........#.....†.####..
#.......?.....##.)...†..#..
.................(......##.
...$....s......#...........
.>..###........#......##...
.## #...@..........###...
##.......#.#.#####...
#........#.######....
######..##.............#.
..[......###.###....#.###
....#.##..# ## ##..#####.
... #. #.## #.## # ..
#.##.## ##..# # .. ...
#.....######..## #


You could see a scorpion.

Vanquished Creatures
  Terence (D:2)
  A gnoll (D:1)
  An adder (D:3)
  3 worms
  3 dart slugs
  4 ball pythons
  3 bats
  3 endoplasms
  2 giant cockroaches
  A goblin (D:1)
  5 hobgoblins
  4 jackals (D:3)
  2 quokkas
  2 frilled lizards (D:2)
  3 kobolds
  4 rats
  A spectral hobgoblin (D:1)
43 creatures vanquished.

Notes
Turn   | Place    | Note
-------+----------+-------------------------------------------
     0 | D:1      | Descartes the Troll Warper began the quest for the Orb.
     0 | D:1      | Reached XP level 1. HP: 19/19 MP: 1/1
   192 | D:1      | Reached skill level 1 in Throwing
   395 | D:1      | Found a faded altar of an unknown god.
   419 | D:1      | Reached XP level 2. HP: 28/28 MP: 3/3
   884 | D:2      | Identified the amulet of the Empty Page {Spirit -Cast
                  | Rampage rElec rN++}
   951 | D:2      | Reached XP level 3. HP: 35/35 MP: 4/4
  1060 | D:2      | Noticed Terence
  1086 | D:2      | Killed Terence
  1246 | D:2      | Found the +18 Lear's hauberk
  1643 | D:3      | Reached XP level 4. HP: 42/42 MP: 5/5
  2282 | D:4      | Noticed a scorpion
  2294 | D:4      | HP: 2/42 [poisoned by a scorpion]
  2295 | D:4      | Succumbed to a scorpion's poison

Illustrated notes

Levels and vault maps discovered:
D:1:      psy_arrival_basics, layout_loops_corners,
          dreamdust_ecumenical_altar_drowned_temple
D:2:      layout_loops_cross, uniq_terence
D:3:      layout_rooms, serial_glass, glass_columns_c, glass_columns_c,
          glass_columns_a, glass_columns_a, glass_columns_b, glass_columns_b,
          item_on_display_a, minmay_strange_pillars, feat_on_display,
          minmay_strange_pillars, minmay_misc_feat_cross
D:4:      layout_cave_pools

Skill      XL: |  1  2  3 |
---------------+----------+-----
Throwing       | 1 |  1.4
Dodging        | 2 |  2.3
Fighting       | 2 |  2.0
Shields        | |  0.9
Unarmed Combat | |  2.7
Spellcasting   | |  1.6
Translocations | |  2.5

Action                   |  1- 3 |  4- 6 || total
-------------------------+-------+-------++-------
Melee: Unarmed           |    75 |    64 ||   139
       Punch             |     1 |     1 ||     2
 Stab: Sleeping          |     3 |       ||     3
       Distracted        |       |     1 ||     1
Armor: Robe              |    23 |    18 ||    41
Dodge: Dodged            |    33 |    33 ||    66
